 Dungeon Crawl Stone Soup version 0.29.1-1-gd02db6906a (console) character file.

Game seed: 13604835011701107516

10 sentinel the Digger (level 2, 7/20 HPs)
             Began as a Meteoran Earth Elementalist on Sept 28, 2022.
             Quit the game on level 1 of the Dungeon.
             The game lasted 00:00:17 (54 turns).

sentinel the Digger (Meteoran Earth Elementalist)     Turns: 54, Time: 00:00:18

Health: 7/20       AC:  2    Str:  9    XL:     2   Next: 47%
Magic:  0/6        EV:  9    Int: 16    God:
Gold:   0          SH:  0    Dex: 14    Spells: 5/6 levels left

rFire   . . .      SeeInvis .   (no weapon)
rCold   . . .      Faith    .   (no shield)
rNeg    . . .      Spirit   .   a - +0 robe
rPois   .          Reflect  .   (no helmet)
rElec   .          Harm     .   (no cloak)
rCorr   .          Rampage  .   (no gloves)
Will    .....                   (no boots)
Stlth   +.........              (no amulet)
HPRegen 0.06/turn               (no ring)
MPRegen 0.10/turn               (no ring)

@: glowing, constricted
A: sense surroundings 1, otherworldly, glowing, explore regen
a: no special abilities


You were on level 1 of the Dungeon.
You visited 1 branch of the dungeon, and saw 1 of its levels.

Inventory:

Armour
 a - a +0 robe (worn)
Potions
 b - a potion of magic
 c - a potion of curing {unknown}


   Skills:
 - Level 2.4 Dodging
 - Level 1.4 Stealth
 - Level 2.6 Spellcasting
 - Level 1.2 Transmutations
 + Level 4.4 Earth Magic


You had 5 spell levels left.
You knew the following spells:

 Your Spells              Type           Power      Damage    Failure   Level
a - Sandblast             Erth           32%        2d9       3%          1

Your spell library contained the following spells:

 Spells                   Type           Power      Damage    Failure   Level
 Passwall                 Tmut/Erth      9%         N/A       9%          2
 Stone Arrow              Conj/Erth      18%        3d8       24%         3
 Petrify                  Tmut/Erth      11%        N/A       52%         4


Dungeon Overview and Level Annotations

Branches:
Dungeon (1/15) Zot: 542

Altars:


Innate Abilities, Weirdness & Mutations

You passively map a small area around you.
You are easily found by Zot.
You glow in the dark.
You regain HP and MP as you explore.


Message History

A jackal comes into view.
Found 11 gold pieces.
The jackal barks!
A goblin comes into view. It is wielding a +0 dagger.
The blast of sand hits the jackal.
You kill the jackal!
Unknown command.
The blast of sand hits the jackal.
You kill the jackal!
The jackal closely misses you.
A kobold comes into view. It is wielding a +0 dagger.
Unknown command.
The blast of sand hits the jackal!
You kill the jackal!
The kobold shouts!
You hear an angry hiss.
The kobold throws a stone.
The stone hits you but does no damage.
Your Earth Magic skill increases to level 4!
Unknown command.
The blast of sand hits the goblin!
You kill the goblin!
The kobold throws a stone.
The stone hits you.
You have reached level 2!
Unknown command.
A dart slug comes into view.
The dart slug launches a dart at you. The slug dart hits you.
You see here a jackal corpse.
The dart slug launches a dart at you. The slug dart misses you.
The kobold throws a stone.
The stone hits you.
The blast of sand misses the kobold.
The kobold throws a stone.
The stone barely misses you.
Unknown command.
The blast of sand hits the kobold!
You kill the kobold!
Unknown command.
The blast of sand hits the dart slug!
You kill the dart slug!
Unknown command.
No target in view!
No target in view!
You are out of magic!
Unknown command.
You are out of magic!
Unknown command.
You are out of magic!
Unknown command.
You are out of magic!
Unknown command.
You see here a +0 dagger.
Things that are here:
a +0 dagger; 2 stones; a kobold corpse
Found 3 stones.
Unknown command.
A kobold comes into view. It is wielding a +0 short sword.
The kobold shouts!
A goblin comes into view. It is wielding a +0 club.
A rat comes into view.
Unknown command.
But you're not safe!
Unknown command.
But you're not safe!
Unknown command.
But you're not safe!
Unknown command.
A ball python comes into view.
The blast of sand hits the rat!
You kill the rat!
Unknown command.
You are out of magic!
Unknown command.
You are out of magic!
Unknown command.
You are out of magic!
Unknown command.
You closely miss the kobold. The kobold barely misses you.
You hit the kobold.
The kobold is moderately wounded.
The kobold closely misses you.
You are out of magic!
Unknown command.
You are out of magic!
Unknown command.
You are out of magic!
Unknown command.
You are out of magic!
Unknown command.
You hit the kobold but do no damage.
The kobold is moderately wounded.
The ball python misses you. The ball python grabs you.
The ball python constricts you. The kobold hits you but does no damage.
You closely miss the ball python. The ball python bites you.
The ball python constricts you.
The kobold hits you with a +0 short sword.
You are out of magic!
Unknown command.
You are out of magic!
Unknown command.
You are out of magic!
Unknown command.
You are out of magic!
Unknown command.
But you're not safe!
Unknown command.
But you're not safe!
Unknown command.
But you're not safe!
Unknown command.
But you're not safe!
Unknown command.
But you're not safe!
Unknown command.
You closely miss the ball python. The ball python bites you.
The ball python constricts you. The kobold hits you but does no damage.
You hit the ball python.
The ball python is severely wounded.
The ball python bites you. The ball python constricts you.
The kobold barely misses you.
You are too injured to fight recklessly!
Unknown command.
You are too injured to fight recklessly!
Unknown command.
You are too injured to fight recklessly!
Unknown command.
You are too injured to fight recklessly!
Unknown command.
You are too injured to fight recklessly!
You are too injured to fight recklessly!
You are too injured to fight recklessly!
Unknown command.
You are too injured to fight recklessly!
Unknown command.
You are too injured to fight recklessly!
Unknown command.
You are too injured to fight recklessly!
Unknown command.
You are too injured to fight recklessly!
You are too injured to fight recklessly!
You are too injured to fight recklessly!
Unknown command.
You are too injured to fight recklessly!
Unknown command.
You are too injured to fight recklessly!
Unknown command.
You are too injured to fight recklessly!
Unknown command.
Unknown command.
Unknown command.
Unknown command.
Unknown command.
Are you sure you want to abandon this character and quit the game? (Confirm with "yes".)

, (.. , , , ,
*#######.## * , ,
#........# , #....$...#
, ,* #.....)..##
#.........# *, *, *
#...).....#####.### ,
#..........(....... *
,,####.†..$....#@###...
,, , #..........$.#SK#
, , ,
#$..########.##.†. *
#...# ##+####...
###...#######....# #..#
* ...........$.....+
..# ###...######.....#
..# * * #...# #.....+ ,
.., #...# #.....#


You could see a ball python and a kobold.

Vanquished Creatures
  A dart slug (D:1)
  A goblin (D:1)
  3 jackals (D:1)
  A kobold (D:1)
  A rat (D:1)
7 creatures vanquished.

Notes
Turn   | Place    | Note
-------+----------+-------------------------------------------
     0 | D:1      | sentinel the Meteoran Earth Elementalist began the quest
                  | for the Orb.
     0 | D:1      | Reached XP level 1. HP: 14/14 MP: 5/5
    32 | D:1      | Reached skill level 4 in Earth Magic
    33 | D:1      | Reached XP level 2. HP: 17/20 MP: 1/6
    54 | D:1      | Quit the game

Illustrated notes

Levels and vault maps discovered:
D:1:      minmay_arrival_plants_in_alcoves, layout_basic,
          ebering_ecumenical_altar_rust

Skill      XL: |  1 |
---------------+----+-----
Earth Magic    | 4 |  4.4
Dodging        | |  2.4
Stealth        | |  1.4
Spellcasting   | |  2.6
Transmutations | |  1.2

Action                   || total
-------------------------++-------
Melee: Unarmed           ||     6
 Cast: Sandblast         ||     8
Armor: Robe              ||     3
Dodge: Dodged            ||     7
